 Seeded DCSS version 0.30.1-11-g7821555f0a (webtiles) character file.

Game seed: 6351066067085065685 (custom seed)

0 Esekla the Magician (level 1, -2/10 HPs)
             Began as a Deep Elf Wanderer on Nov 28, 2023.
             Was an Initiate of Vehumet.
             Slain by a kobold
             ... wielding a +1 short sword of freezing
              (4 damage)
             ... on level 4 of the Dungeon.
             The game lasted 00:03:44 (463 turns).

Esekla the Magician (Deep Elf Wanderer)              Turns: 463, Time: 00:03:44

Health: -2/10      AC:  4    Str: 11    XL:     1   Next: 8%
Magic:  0/7        EV: 10    Int: 17    God:    Vehumet [......]
Gold:   72         SH:  3    Dex: 11    Spells: 6/8 levels left

rFire   . . .        a - +0 short sword
rCold   . . .        d - +0 buckler
rNeg    . . .        c - +0 robe
rPois   .            l - +0 helmet
rElec   .            (no cloak)
rCorr   .            k - +0 pair of gloves
SInv    .            (no boots)
Will    .....        (no amulet)
Stlth   ++           (no ring)
HPRegen 0.21/turn    (no ring)
MPRegen 0.10/turn

%: no passive effects
@: no status effects
A: no striking features
a: Renounce Religion


You were on level 4 of the Dungeon.
You worshipped Vehumet.
Vehumet was noncommittal.
You visited 1 branch of the dungeon, and saw 3 of its levels.

You collected 72 gold pieces.

Inventory:

Hand Weapons
 a - a +0 short sword (weapon)
Armour
 c - a +0 robe (worn)
 d - a +0 buckler (worn)
 k - a +0 pair of gloves (worn)
 l - a +0 helmet (worn)
Wands
 i - a wand of roots (9)
Scrolls
 g - a scroll of identify {unknown}
Potions
 b - a potion of lignification
 e - a potion of ambrosia {unknown}
 f - 2 potions of attraction {unknown}
 h - a potion of heal wounds {unknown}
 j - a potion of curing {unknown}
 m - a potion of mutation {unknown}


   Skills:
 + Level 1.2 Stealth
 + Level 1.5 Shields
 + Level 4.4 Spellcasting
 + Level 2.1 Translocations
 + Level 1.0 Invocations


You had 6 spell levels left.
You knew the following spells:

 Your Spells              Type           Power      Damage    Failure   Level
a - Magic Dart            Conj           12%        1d3       22%         1
p - Apportation           Tloc           22%        N/A       9%          1

Your spell library contained the following spells:

 Spells                   Type           Power      Damage    Failure   Level
 Blink                    Tloc           22%        N/A       14%         2
 Lesser Beckoning         Tloc           22%        N/A       14%         2
 Ignite Poison            Fire/Tmut/Pois 3%         N/A       54%         3
 Vampiric Draining        Necr           3%         2d6       54%         3


Dungeon Overview and Level Annotations

Branches:
Dungeon (2/15)

Altars:
Okawaru
Vehumet
Zin

Shops:
D:2 =


Message History

Confirm with . or Enter, or press ? or * to list all spells.
Aiming: Magic Dart (safe; 22% risk of failure)
Press: ? - help, Shift-Dir - straight line, f/p - kobold
Aim: a kobold, wielding a +1 short sword of freezing and quivering stones (100% to hit)
The magic dart hits the kobold.
The kobold is moderately wounded.
You block the kobold's attack.
Casting: Magic Dart (safe; 22% risk of failure)
Confirm with . or Enter, or press ? or * to list all spells.
Aiming: Magic Dart (safe; 22% risk of failure)
Press: ? - help, Shift-Dir - straight line, f/p - kobold
Aim: a kobold, wielding a +1 short sword of freezing and quivering stones (moderately wounded, 100% to hit)
The magic dart hits the kobold but does no damage.
The kobold is moderately wounded.
The kobold barely misses you.
Casting: Magic Dart (safe; 22% risk of failure)
Confirm with . or Enter, or press ? or * to list all spells.
Aiming: Magic Dart (safe; 22% risk of failure)
Press: ? - help, Shift-Dir - straight line, f/p - kobold
Aim: a kobold, wielding a +1 short sword of freezing and quivering stones (moderately wounded, 100% to hit)
The magic dart hits the kobold.
The kobold is severely wounded.
The kobold closely misses you.
Casting: Magic Dart (safe; 22% risk of failure)
Confirm with . or Enter, or press ? or * to list all spells.
Aiming: Magic Dart (safe; 22% risk of failure)
Press: ? - help, Shift-Dir - straight line, f/p - kobold
Aim: a kobold, wielding a +1 short sword of freezing and quivering stones (moderately wounded, 100% to hit)
The magic dart hits the kobold.
The kobold is severely wounded.
You block the kobold's attack.
Casting: Magic Dart (safe; 22% risk of failure)
Confirm with . or Enter, or press ? or * to list all spells.
Aiming: Magic Dart (safe; 22% risk of failure)
Press: ? - help, Shift-Dir - straight line, f/p - kobold
Aim: a kobold, wielding a +1 short sword of freezing and quivering stones (severely wounded, 100% to hit)
The magic dart hits the kobold but does no damage.
The kobold is severely wounded.
The kobold hits you with a +1 short sword of freezing.
You die...

..........### #.....
............####.....
..##.................
................#+###
....................
.#####..............#
#.#'....##.......#
#.K##...##.......#
#@..#....#.......# .
#########....+.......# ..
#.._#_..#....#......
...####+#####..#..##..........
..........'.'#.#.#'..#...K..#.
........###..#####...#........
........###..........#........
......#.##................#.
..#####.##..........##....#.#


You could see a kobold.

Vanquished Creatures
  A kobold (D:1)
1 creature vanquished.

Notes
Turn   | Place    | Note
-------+----------+-------------------------------------------
     0 | D:1      | Esekla the Deep Elf Wanderer began the quest for the Orb.
     0 | D:1      | Esekla set off with the following items: a +0 club, a
                  | potion of lignification, a +0 robe, a +0 buckler; and the
                  | following spells available to memorise: Apportation, Blink,
                  | Lesser Beckoning, Magic Dart, Ignite Poison, Vampiric
                  | Draining.
     0 | D:1      | Reached XP level 1. HP: 10/10 MP: 7/7
     2 | D:1      | Learned a level 1 spell: Magic Dart
     4 | D:1      | Learned a level 1 spell: Apportation
   259 | D:2      | Found Renulab's Jewellery Shop.
   264 | D:2      | You fall into a shaft and drop 2 floors!
   278 | D:4      | Found a radiant altar of Vehumet.
   347 | D:4      | Found an iron altar of Okawaru.
   358 | D:4      | Found a glowing silver altar of Zin.
   450 | D:4      | Became a worshipper of Vehumet
   463 | D:4      | Slain by a kobold

Illustrated notes

Levels and vault maps discovered:
D:1:      sevenhm_arrival_forest_fort_small_3, layout_rooms,
          chequers_serial_rivers_room_b, minmay_misc_feat_five
D:2:      layout_loops_ring, dreamdust_ecumenical_altar_angels_and_demons,
          serial_shops, shop
D:4:      layout_basic, nicolae_overflow_quartered_altars, serial_shops,
          nicolae_diamond_shop

Action                     || total
---------------------------++-------
  Melee: Short sword       ||     5
   Cast: Apportation       ||    17
         Magic Dart        ||    11
    Use: Scroll            ||     1
 Armour: Robe              ||     8
  Dodge: Dodged            ||    17
  Block: Buckler           ||     4
